 Dungeon Crawl Stone Soup version 0.21.0-3-g78d12a8 (webtiles) character file.

170 MDvedh the Insei (level 5, -1/26 HPs)
             Began as a Vine Stalker Arcane Marksman on Jan 8, 2018.
             Slain by Pikel
             ... wielding a +0 whip of flaming
              (2 damage)
             ... on level 3 of the Dungeon.
             The game lasted 00:04:04 (2829 turns).

MDvedh the Insei (Vine Stalker Arcane Marksman)     Turns: 2829, Time: 00:04:05

Health: -1/26      AC: 11    Str: 12    XL:     5   Next: 51%
Magic:  0/7        EV:  6    Int: 13    God:
Gold:   98         SH:  0    Dex: 16    Spells: 5/6 levels left

rFire    . . .     SeeInvis .     - Unarmed
rCold    . . .     Gourm    .   (no shield)
rNeg     . . .     Faith    .   l - +0 chain mail
rPois    .         Spirit   +   w - +0 helmet
rElec    .         Reflect  .   o - +0 cloak
rCorr    .         Harm     .   t - +0 pair of gloves
MR       .....                  (no boots)
Stlth    ..........             (no amulet)
HPRegen  0.48/turn              (no ring)
MPRegen  0.10/turn              (no ring)

@: about to teleport
A: fangs 2, regeneration 1, magic shield, antimagic bite, no potion heal 3, rot
immunity
a: no special abilities


You were on level 3 of the Dungeon.
You were hungry.

You visited 1 branch of the dungeon, and saw 4 of its levels.

You collected 98 gold pieces.

Inventory:

Missiles
 c - 8 javelins (quivered)
 d - 3 throwing nets
Armour
 a - a +0 robe
 l - a +0 chain mail (worn)
 o - a +0 cloak (worn)
 t - a +0 pair of gloves (worn)
 w - a +0 helmet (worn)
Jewellery
 k - a +2 ring of evasion {unknown}
Wands
 s - a wand of disintegration (13)
Scrolls
 e - 2 scrolls of teleportation
 i - 3 scrolls of remove curse {unknown}
 n - 3 scrolls of identify
 q - a scroll of fog {unknown}
 r - 4 scrolls of magic mapping {unknown}
 v - a scroll of enchant armour {unknown}
Potions
 g - 3 potions of curing {unknown}
 h - a potion of lignification {unknown}
 j - a potion of invisibility {unknown}
 m - a potion of magic {unknown}
 p - a potion of flight {unknown}
Books
 b - a book of Debilitation

   Spells                             Type                      Level
   a - Corona                         Hexes                        1
   b - Slow                           Hexes                        2
   c - Inner Flame                    Hexes/Fire                   3
   d - Portal Projectile              Hexes/Translocation          3
   e - Cause Fear                     Hexes                        4
   f - Leda's Liquefaction            Hexes/Earth                  4
Comestibles
 f - 5 rations


   Skills:
 + Level 2.3 Fighting
 - Level 1.7 Throwing
 + Level 0.3 Armour
 + Level 2.5 Dodging
 * Level 3.4 Unarmed Combat
 - Level 1.1 Spellcasting
 - Level 3.0 Hexes


You had 5 spell levels left.
You knew the following spells:

 Your Spells              Type           Power        Failure   Level  Hunger
a - Corona                Hex            #......      98%         1    ##.....


Dungeon Overview and Level Annotations

Branches:
Dungeon (4/15)
 Temple: D:4-7

Altars:
Ashenzari
Okawaru

Annotations:
D:3 Pikel
D:4 Glamhuggeren's ghost, novice KoAs


Innate Abilities, Weirdness & Mutations

You have extremely sharp teeth.
Your natural rate of healing is unusually fast.
When hurt, damage is shared between your health and your magic reserves.
Your bite disrupts and absorbs the magic of your enemies.
Potions cannot restore your health.
You are immune to rotting.


Message History

Unknown command.
As you read the scroll labeled XOHIDU IJIU, it crumbles to dust.
It is a scroll of identify.
e - 3 scrolls of teleportation Pikel says, "Slavery isn't that bad."
Pikel hits you with a whip of flaming. Pikel burns you. The slave hits you.
As you read the scroll of teleportation, it crumbles to dust.
You feel strangely unstable. Pikel hits you with a whip of flaming.
Pikel burns you. The slave hits you.
* * * LOW HITPOINT WARNING * * *
Unknown command.
Okay, then.
You hit Pikel but do no damage. Pikel hits you but does no damage.
The slave hits you.
* * * LOW HITPOINT WARNING * * *
Unknown command.
You miss Pikel. Pikel hits you with a whip of flaming.
* * * LOW HITPOINT WARNING * * *
Pikel burns you.
You die...

# #...........# #
#...........# #
#########.#.# #)#.# #.#.#
#########.#.#
####......##[#.#
..........##.#.###
...............K@#
####......##..)#p###########
#......##....p..........#
#......##..<#.#########.#
#......##...#.#.......#.#
#......##...#.#.##..#.#.#
####..###...#.#.#...#.#.#
##.###...#.#.#...#.#.#
#..##...#.#.#.#.#.#.#


You could see Pikel and 2 slaves.

Vanquished Creatures
  2 slaves (D:3)
  Jessica (D:2)
  Natasha (D:2)
  Terence (D:2)
  Robin (D:3)
  2 adders
  A worm (D:2)
  A dart slug (D:2)
  A leopard gecko (D:1)
  5 giant cockroaches
  9 hobgoblins
  8 jackals
  6 kobolds
  6 bats
  6 frilled lizards
  6 goblins
  8 rats
65 creatures vanquished.

Notes
Turn   | Place    | Note
-------+----------+-------------------------------------------
     0 | D:1      | MDvedh the Vine Stalker Arcane Marksman began the quest for the Orb.
     0 | D:1      | Reached XP level 1. HP: 9/9 MP: 3/3
    26 | D:1      | Reached skill level 1 in Fighting
   118 | D:1      | Reached skill level 1 in Unarmed Combat
   118 | D:1      | Reached XP level 2. HP: 9/14 MP: 4/4
  1158 | D:2      | Noticed Jessica
  1166 | D:2      | Killed Jessica
  1166 | D:2      | Reached XP level 3. HP: 15/18 MP: 3/5
  1396 | D:2      | Found a shattered altar of Ashenzari.
  1427 | D:2      | Gained mutation: Your natural rate of healing is unusually fast. [Vine Stalker growth]
  1427 | D:2      | Reached XP level 4. HP: 20/23 MP: 6/6
  1561 | D:2      | Noticed Natasha
  1576 | D:2      | Killed Natasha
  1703 | D:2      | Noticed Terence
  1731 | D:2      | Killed Terence
  1896 | D:2      | Reached XP level 5. HP: 26/26 MP: 7/7
  2203 | D:3      | Found an iron altar of Okawaru.
  2526 | D:3      | Noticed Robin
  2546 | D:3      | Killed Robin
  2722 | D:4      | Noticed Pikel
  2722 | D:4      | Noticed a slave
  2722 | D:4      | Noticed a slave
  2722 | D:4      | Noticed a slave
  2722 | D:4      | Noticed a slave
  2722 | D:4      | Noticed Glamhuggeren's ghost (novice KoAs)
  2749 | D:3      | Killed a slave
  2817 | D:3      | Killed a slave
  2829 | D:3      | HP: 1/26 [Pikel/whip of flaming (5)]
  2829 | D:3      | Slain by Pikel

Skill      XL: |  1  2  3  4 |
---------------+-------------+-----
Fighting       | 1 2 |  2.3
Unarmed Combat | 1 2 3 |  3.4
Dodging        | 2 |  2.5
Throwing       | |  1.7
Armour         | |  0.3
Spellcasting   | |  1.1
Hexes          | |  3.0

Action                   |  1- 3 |  4- 6 || total
-------------------------+-------+-------++-------
Melee: Unarmed           |   102 |   210 ||   312
       Bite              |    32 |    68 ||   100
       Punch             |     1 |       ||     1
  Use: Scroll            |       |     2 ||     2
 Stab: Distracted        |     1 |       ||     1
  Eat: Chunk             |     1 |     5 ||     6
Armor: Robe              |    10 |       ||    10
       Chain mail        |    26 |   153 ||   179
Dodge: Dodged            |    60 |    70 ||   130
